 Dungeon Crawl Stone Soup version 0.21-a0-401-g0b6bec4 (webtiles) character file.

71 SCCSCCS the Poker (level 4, -1/40 HPs)
             Began as a Draconian Berserker on Oct 25, 2017.
             Was a Believer of Trog.
             Slain by an orc
             ... wielding a +0 club
              (5 damage)
             ... on level 3 of the Dungeon.
             The game lasted 00:07:15 (1701 turns).

SCCSCCS the Poker (Draconian Berserker)             Turns: 1701, Time: 00:07:17

Health: -1/40      AC:  5    Str: 20    XL:     4   Next: 5%
Magic:  4/4        EV: 13    Int:  7    God:    Trog [**....]
Gold:   108        SH:  0    Dex: 11    Spells: 3/3 levels left

rFire    . . .     SeeInvis .   a - +1 spear
rCold    . . .     Gourm    .   (no shield)
rNeg     . . .     Faith    .   (armour unavailable)
rPois    .         Spirit   .   (helmet restricted)
rElec    .         Reflect  .   (no cloak)
rCorr    +         Harm     .   (no gloves)
MR       .....                  (no boots)
Stlth    +.........             (no amulet)
HPRegen  0.13/turn              h - ring of resist corrosion
MPRegen  0.09/turn              (no ring)

@: berserk cooldown, slowed, very slow
A: unfitting armour, cold-blooded, AC +5
a: Berserk, Trog's Hand, Burn Spellbooks, Renounce Religion


You were on level 3 of the Dungeon.
You worshipped Trog.
Trog was pleased with you.
You were not hungry.

You visited 1 branch of the dungeon, and saw 3 of its levels.

You collected 108 gold pieces.

Inventory:

Hand Weapons
 a - a +1 spear (weapon)
Armour
 j - a +0 robe
 o - a +0 scale mail
Jewellery
 h - a ring of resist corrosion (left hand)
Scrolls
 i - 2 scrolls of amnesia
 n - a scroll of enchant weapon
Potions
 d - a potion of might {unknown}
 e - 2 potions of heal wounds {unknown}
 l - a potion of agility {unknown}
 m - a potion of invisibility {unknown}
Comestibles
 b - a bread ration
 g - 3 royal jellies
 k - a meat ration


   Skills:
 + Level 3.8 Fighting
 * Level 3.9 Polearms
 * Level 3.4 Dodging


You had 3 spell levels left.
You didn't know any spells.

Dungeon Overview and Level Annotations

Branches:
Dungeon (3/15)

Altars:


Innate Abilities, Weirdness & Mutations

Your plain brown scales are hard. (AC +5)
You cannot fit into any form of body armour.
You are cold-blooded and may be slowed by cold attacks.


Message History

The goblin barely misses you. The orc barely misses you.
The kobold closely misses you.
You miss the goblin. You tail-slap the goblin.
The goblin is moderately wounded.
The goblin misses you. The orc hits you with a club.
* * * LOW HITPOINT WARNING * * *
The kobold hits you with a short sword.
* * * LOW HITPOINT WARNING * * *
The goblin hits you.
* * * LOW HITPOINT WARNING * * *
You feel better. The orc barely misses you. The kobold closely misses you.
The goblin closely misses you.
You're still recovering from your berserk rage.
You hit the goblin.
You kill the goblin!
Trog accepts your kill. The orc hits you with a club!
* * * LOW HITPOINT WARNING * * *
The kobold closely misses you. x2; The orc hits you with a club.
You die...

# #######.#
#........
#........
#####........
#..(.)o.....#
###@K.....#
#.)).......
#.#........
#.###......
#.# ......
#.# ......
#.# ..... #<#
..... ###


You could see an orc and a kobold.

Vanquished Creatures
  An adder (D:2)
  An ooze (D:3)
  A worm (D:2)
  A dart slug (D:3)
  A leopard gecko (D:3)
  5 orcs (D:3)
  8 bats
  3 giant cockroaches
  5 goblins
  5 hobgoblins
  2 kobolds (D:1)
  2 ball pythons
  6 frilled lizards
  8 rats
49 creatures vanquished.

Notes
Turn   | Place    | Note
-------+----------+-------------------------------------------
     0 | D:1      | SCCSCCS the Draconian Berserker began the quest for the Orb.
     0 | D:1      | Reached XP level 1. HP: 19/19 MP: 1/1
   284 | D:1      | Reached XP level 2. HP: 16/26 MP: 2/2
  1122 | D:2      | Reached ** piety under Trog
  1122 | D:2      | Reached XP level 3. HP: 27/31 MP: 3/3
  1696 | D:3      | Reached XP level 4. HP: 9/40 MP: 4/4
  1701 | D:3      | Slain by an orc

Vault maps used:
D:1:      minmay_arrival_four_loops, st_stairs_5, minmay_pentomino_o2
D:2:      minivault_26
D:3:      gammafunk_wand_slinger, grunt_temple_overflow_growth_and_decay,
          lemuel_crystal_altar

Skill      XL: |  1  2 |
---------------+-------+-----
Dodging        | 3 |  3.4
Fighting       | |  3.8
Polearms       | |  3.9

Action                   |  1- 3 |  4- 6 || total
-------------------------+-------+-------++-------
Melee: Spear             |   147 |     3 ||   150
       Tailslap          |    10 |     1 ||    11
Invok: Berserk           |     2 |       ||     2
  Use: Scroll            |     8 |       ||     8
       Potion            |       |     2 ||     2
  Eat: Chunk             |     3 |       ||     3
       Bread ration      |     1 |       ||     1
Armor: Skin              |    62 |     1 ||    63
Dodge: Dodged            |   149 |    15 ||   164

Table legend:
 A = Spawn XP
 B = Non-spawn XP
 C = Spawn XP percentage of total XP
 D = Spawn monster count
 E = Non-spawn monster count
 F = Spawn count percentage of total count
 G = Total turns spent on level
                    A         B        C        D         E        F      G
               +---------+---------+-------+---------+---------+-------+---------
         Total |       0 |     102 |   0.0 |       0 |      49 |   0.0 |  1701
               +---------+---------+-------+---------+---------+-------+---------
           D:1 |       0 |      30 |   0.0 |       0 |      20 |   0.0 |  1000
           D:2 |       0 |      39 |   0.0 |       0 |      19 |   0.0 |   669
           D:3 |       0 |      33 |   0.0 |       0 |      10 |   0.0 |    32
               +---------+---------+-------+---------+---------+-------+---------
